 Dungeon Crawl Stone Soup version 0.30.0-29-ga12c61a403 (webtiles) character file.

Game seed: 10948915459989146122

12 ChrisAssaf the Conjurer (level 2, -1/19 HPs)
             Began as a Human Conjurer on June 22, 2023.
             Killed by an exploding butterfly (20 damage)
             ... ignited by their inner flame
             ... on level 2 of the Dungeon.
             The game lasted 00:02:36 (598 turns).

ChrisAssaf the Conjurer (Human Conjurer)             Turns: 598, Time: 00:02:37

Health: -1/19      AC:  2    Str:  7    XL:     2   Next: 45%
Magic:  1/5        EV: 12    Int: 18    God:
Gold:   17         SH:  0    Dex: 11    Spells: 2/5 levels left

rFire   . . .        (no weapon)
rCold   . . .        (no shield)
rNeg    . . .        a - +0 robe
rPois   .            (no helmet)
rElec   .            (no cloak)
rCorr   .            (no gloves)
SInv    .            (no boots)
Will    .....        (no amulet)
Stlth   ++           (no ring)
HPRegen 0.23/turn    (no ring)
MPRegen 0.09/turn

%: no passive effects
@: weak-willed
A: no striking features
a: no special abilities


You were on level 2 of the Dungeon.
You visited 1 branch of the dungeon, and saw 2 of its levels.

You collected 17 gold pieces.

Inventory:

Armour
 a - a +0 robe (worn)
Scrolls
 g - a scroll of noise
Potions
 b - a potion of brilliance {unknown}
 c - a potion of berserk rage {unknown}
 f - a potion of ambrosia {unknown}


   Skills:
 * Level 0.1 Fighting
 * Level 0.3 Armour
 * Level 2.1 Dodging
 * Level 2.0 Stealth
 * Level 2.1 Spellcasting
 * Level 4.2 Conjurations


You had 2 spell levels left.
You knew the following spells:

 Your Spells              Type           Power      Damage    Failure   Level
a - Magic Dart            Conj           68%        1d6       3%          1
b - Searing Ray           Conj           34%        2d5       4%          2

Your spell library contained the following spells:

 Spells                   Type           Power      Damage    Failure   Level
 Dazzling Flash           Conj/Hex       18%        N/A       22%         3
 Fulminant Prism          Conj/Hex       4%         3d5       58%         4
 Iskenderun's Mystic Bla  Conj/Tloc      9%         2d4       58%         4


Dungeon Overview and Level Annotations

Branches:
Dungeon (2/15)

Altars:


Message History

You swap places.
You swap places.
You swap places.
You swap places.
You swap places.
You swap places.
The worm bites your butterfly.
Your butterfly dies!
Your butterfly disappears in a burst of colours!
As you read the scroll labelled SUINE BITTUARIZEB, it crumbles to dust.
It is a scroll of identify.
g - a scroll of noise The worm closely misses your butterfly.
As you read the scroll labelled ACUZIAJ PUGASS, it crumbles to dust.
The creatures around you are filled with an inner flame!
It was a scroll of immolation.
You swap places.
The worm misses your butterfly.
You swap places.
You swap places.
You swap places.
What are your orders? t - Shout!
Orders for allies: a - Attack new target. p - Attack previous target. r - Retreat! s - Stop attacking. g - Guard the area. f - Follow me.
Anything else - Cancel.
Gang up on whom?
Press: ? - help, Dir - move target, f/p - worm
Aim: a worm (inner flame, weak-willed, ally target) Attack!
The worm bites your butterfly!
Your butterfly disappears in a burst of colours!
Your butterfly explodes!
The fiery explosion engulfs the worm!!
The fiery explosion engulfs your butterfly!!
Your butterfly disappears in a burst of colours!
Your butterfly explodes!
The fiery explosion engulfs your butterfly!
Your butterfly disappears in a burst of colours!
The fiery explosion engulfs you!!
Ouch! That really hurt!
You die...

#####+#.......#....
...............#
..................#
........#########..
........# . ........#
........##########
..............ยงยงยง#
#####+##########@#
#b# #b# ###


There were no monsters in sight!

Vanquished Creatures
  A worm (D:2)
  2 bats (D:1)
  3 goblins
  A hobgoblin (D:1)
  2 jackals (D:2)
  A frilled lizard (D:1)
  A rat (D:1)
11 creatures vanquished.

Notes
Turn   | Place    | Note
-------+----------+-------------------------------------------
     0 | D:1      | ChrisAssaf the Human Conjurer began the quest for the Orb.
     0 | D:1      | Reached XP level 1. HP: 13/13 MP: 3/3
   244 | D:1      | Reached XP level 2. HP: 19/19 MP: 0/5
   247 | D:1      | Learned a level 2 spell: Searing Ray
   598 | D:2      | Killed by an exploding butterfly... ignited by their inner
                  | flame

Illustrated notes

Levels and vault maps discovered:
D:1:      matt_arrival_grand_opening, layout_basic, nrook_loot_triangle
D:2:      minmay_evil_eye, layout_basic, basic_altar, grunt_ministairs_5

Action                     || total
---------------------------++-------
   Cast: Magic Dart        ||    19
         Searing Ray       ||     4
    Use: Potion            ||     1
         Scroll            ||     4
 Armour: Robe              ||     5
  Dodge: Dodged            ||     2
